 Dungeon Crawl Stone Soup version 0.29-a0-722-g64f5989226 (webtiles) character file.

Game seed: 16556233280340458642

91 HAL9000 the Trooper (level 4, -2/50 HPs)
             Began as an Ogre Cinder Acolyte on June 28, 2022.
             Was a High Priest of Ignis.
             Slain by a gnoll
             ... wielding a +0 club
              (5 damage)
             ... on level 3 of the Dungeon.
             The game lasted 00:07:19 (3204 turns).

HAL9000 the Trooper (Ogre Cinder Acolyte)           Turns: 3204, Time: 00:07:19

Health: -2/50      AC:  3    Str: 18    XL:     4   Next: 57%
Magic:  6/6        EV:  9    Int: 21    God:    Ignis [*****.]
Gold:   61         SH:  0    Dex:  6    Spells: 6/6 levels left

rFire   + + .      SeeInvis .   a - -1 mace (flame)
rCold   . . .      Faith    .   (no shield)
rNeg    . . .      Spirit   .   b - +0 robe
rPois   .          Reflect  .   g - +0 hat
rElec   .          Harm     .   (no cloak)
rCorr   .          Rampage  .   (gloves unavailable)
Will    .....                   (boots unavailable)
Stlth   +.........              (no amulet)
HPRegen 0.16/turn               h - +6 ring of intelligence
MPRegen 0.10/turn               l - ring of protection from fire

@: no status effects
A: large, unfitting armour, tough skin 1
a: Renounce Religion, Fiery Armour, Foxfire Swarm, Rising Flame


You were on level 3 of the Dungeon.
You worshipped Ignis.
Ignis was extremely pleased with you.
You visited 1 branch of the dungeon, and saw 3 of its levels.

You collected 136 gold pieces.
You spent 75 gold pieces at shops.

Inventory:

Hand Weapons
 a - a -1 mace of flaming (weapon)
Armour
 b - a +0 robe (worn)
 g - a +0 hat (worn)
Jewellery
 h - a +6 ring of intelligence (left hand)
 l - a ring of protection from fire (right hand)
Scrolls
 c - a scroll of teleportation {unknown}
 e - 2 scrolls of fog
 k - 2 scrolls of poison {unknown}
 m - a scroll of enchant weapon {unknown}
 o - 2 scrolls of magic mapping {unknown}
 p - a scroll of amnesia {unknown}
 q - a scroll of identify
 r - a scroll of immolation {unknown}
Potions
 d - a potion of flight {unknown}
 f - 4 potions of curing
 i - a potion of lignification {unknown}
 j - a potion of haste
 n - 2 potions of heal wounds
 s - a potion of degeneration {unknown}


   Skills:
 + Level 5.1 Fighting
 + Level 3.7 Maces & Flails
 - Level 0.3 Dodging
 - Level 0.3 Stealth
 - Level 1.5 Spellcasting
 - Level 2.9 Fire Magic


You had 6 spell levels left.
You didn't know any spells.
Your spell library contained the following spells:

 Spells                   Type           Power      Damage    Failure   Level
 Scorch                   Fire           28%        2d6       7%          2
 Sublimation of Blood     Necr           1%         N/A       24%         2
 Inner Flame              Hex/Fire       7%         N/A       26%         3
 Cause Fear               Hex            0%         N/A       83%         4
 Petrify                  Tmut/Erth      1%         N/A       83%         4
 Irradiate                Conj/Tmut      0%         3d13      99%         5
 Discord                  Hex            0%         N/A       100%        8


Dungeon Overview and Level Annotations

Branches:
Dungeon (3/15)

Altars:
The Shining One

Shops:
D:2 :*(=


Innate Abilities, Weirdness & Mutations

You are too large for most types of armour.
You have tough skin. (AC +1)


Message History

You see here a +0 halberd.
You hit the gnoll but do no damage. The gnoll hits you with a +0 club.
You barely miss the gnoll. The gnoll hits you with a +0 club.
You hit the gnoll but do no damage. The gnoll hits you with a +0 club. x2
You hit the gnoll but do no damage. The gnoll hits you with a +0 club.
You closely miss the gnoll. The gnoll hits you with a +0 club.
You hit the gnoll. You burn the gnoll.
The gnoll is heavily wounded.
The gnoll hits you with a +0 club.
You hit the gnoll. You burn the gnoll.
The gnoll is severely wounded.
The gnoll hits you with a +0 club.
You hit the gnoll but do no damage.
The gnoll is severely wounded.
The gnoll hits you with a +0 club. The gnoll barely misses you.
You barely miss the gnoll.
The gnoll is severely wounded.
The gnoll hits you with a +0 club!
* * * LOW HITPOINT WARNING * * *
You barely miss the gnoll.
The gnoll is severely wounded.
The gnoll hits you with a +0 club.
* * * LOW HITPOINT WARNING * * *
You barely miss the gnoll.
The gnoll is severely wounded.
The gnoll hits you with a +0 club.
* * * LOW HITPOINT WARNING * * *
You hit the gnoll. You burn the gnoll.
The gnoll is almost dead.
The gnoll hits you with a +0 club.
* * * LOW HITPOINT WARNING * * *
You hit the gnoll but do no damage.
The gnoll is almost dead.
The gnoll hits you with a +0 club.
* * * LOW HITPOINT WARNING * * *
The gnoll barely misses you.
You hit the gnoll but do no damage.
The gnoll is almost dead.
The gnoll hits you with a +0 club.
You die...

.................................
####..##......###.#.#####..#'#.##
# #..##......# #.#.# #..#.#.#
#####.##..g...# #.#######..#.#.##
......##......# #..........#.#..#
......##......# #########.##.##.#
.......#......# #.#...#..
.......####'#############.#._.#.#
#####.........gg@......)..#...#..
#.#.###.#############.##.##..
#.#..##.# #..#.#... #.#..##.#
##.#.#... #.#...#.# #.#.#..#
#.#.#.#.# #.#'#..# #.#.#...#
#......# #.#.##..# ####...# #.#.#
..# #####


You could see 2 gnolls.

Vanquished Creatures
  2 adders
  2 gnolls (D:3)
  A worm (D:2)
  A dart slug (D:1)
  6 endoplasms
  5 giant cockroaches
  3 goblins (D:1)
  4 hobgoblins
  5 jackals
  2 quokkas (D:3)
  6 ball pythons
  2 bats
  A frilled lizard (D:2)
  3 kobolds
  A rat (D:3)
44 creatures vanquished.

Notes
Turn   | Place    | Note
-------+----------+-------------------------------------------
     0 | D:1      | HAL9000 the Ogre Cinder Acolyte began the quest for the
                  | Orb.
     0 | D:1      | Reached XP level 1. HP: 24/24 MP: 2/2
   457 | D:1      | Reached XP level 2. HP: 32/32 MP: 4/4
   864 | D:1      | Reached XP level 3. HP: 40/40 MP: 5/5
  1101 | D:2      | Found Oqem's Jewellery Boutique.
  1145 | D:2      | Found Zycuis's Antique Weapon Emporium.
  1268 | D:2      | Found Wudaompo's Assorted Antiques.
  1280 | D:2      | Bought a scroll labelled WAMUMAASTRI for 25 gold pieces
  1280 | D:2      | Bought a scroll labelled MAORINT HESK for 25 gold pieces
  1280 | D:2      | Bought a scroll labelled OMEQOAKIMA for 25 gold pieces
  1988 | D:2      | Found Otzuwess's Book Boutique.
  2177 | D:3      | Reached XP level 4. HP: 13/49 MP: 6/6
  2663 | D:3      | Found a glowing golden altar of the Shining One.
  2732 | D:3      | Reached skill level 5 in Fighting
  3204 | D:3      | Slain by a gnoll

Illustrated notes

Levels and vault maps discovered:
D:1:      psy_arrival_wood_between_worlds, layout_basic
D:2:      layout_loops_ring, serial_shops, nicolae_shop_overgrown_old_shop,
          nicolae_lakefront_shop, nicolae_shop_stone, shop,
          serial_bayou_crossing
D:3:      layout_basic, mainiacjoe_overflow_surrounded_room,
          hangedman_feature_mirror, minmay_misc_feat_iff, nrook_mini_vaults,
          minmay_distorted

Skill      XL: |  1  2  3  4 |
---------------+-------------+-----
Maces & Flails | 3 |  3.7
Fighting       | 5 |  5.1
Dodging        | |  0.3
Stealth        | |  0.3
Spellcasting   | |  1.5
Fire Magic     | |  2.9

Action                   |  1- 3 |  4- 6 || total
-------------------------+-------+-------++-------
Melee: Mace              |   152 |    38 ||   190
       Punch             |     1 |       ||     1
  Use: Scroll            |     4 |       ||     4
Armor: Robe              |    62 |     9 ||    71
Dodge: Dodged            |    78 |    15 ||    93

Table legend: (Time is in decaauts)
 A = Elapsed time spent in this place.
 B = Non-inter-level travel time spent in this place.
 C = Inter-level travel time spent in this place.
 D = Time resting spent in this place.
 E = Time spent auto-exploring this place.
 F = Levels seen in this place.
 G = Mean time per level.
                   A        B        C        D        E       F      G
               +--------+--------+--------+--------+--------+-----+--------+
         Total |   3257 |   3227 |     30 |    631 |   1997 |   3 | 1085.7 |
       Dungeon |   3257 |   3227 |     30 |    631 |   1997 |   3 | 1085.7 |
               +--------+--------+--------+--------+--------+-----+--------+

Top non-repeatable levels by time:
     D:3: 1111 daAuts
     D:1: 1110 daAuts
     D:2: 1036 daAuts
